 Dungeon Crawl Stone Soup version 0.31-a0-354-g827e0957a7 (webtiles) character file.

Game seed: 15561956369892043677

21 cforsyth the Charlatan (level 2, 0/23 HPs)
             Began as a Gnoll Artificer on July 23, 2023.
             Succumbed to an adder's poison
             ... on level 2 of the Dungeon.
             The game lasted 00:01:37 (673 turns).

cforsyth the Charlatan (Gnoll Artificer)             Turns: 673, Time: 00:01:37

Health: 0/23       AC:  4    Str: 11    XL:     2   Next: 87%
Magic:  2/2        EV: 12    Int: 10    God:
Gold:   68         SH:  0    Dex: 12    Spells: 2/2 levels left

rFire   . . .        a - +0 club
rCold   . . .        (no shield)
rNeg    . . .        b - +0 leather armour
rPois   +            (no helmet)
rElec   .            (no cloak)
rCorr   .            g - +0 pair of gloves
SInv    .            (no boots)
Will    .....        (no amulet)
Stlth   ++           (no ring)
HPRegen 0.23/turn    (no ring)
MPRegen 0.08/turn

%: no passive effects
@: lethally poisoned (0 -> -1)
A: fangs 1, strong nose, distributed training, poison resistance, teleportitis 1
a: no special abilities


You were on level 2 of the Dungeon.
You visited 1 branch of the dungeon, and saw 2 of its levels.

You collected 68 gold pieces.

Inventory:

Hand Weapons
 a - a +0 club (weapon)
Armour
 b - a +0 leather armour (worn)
 g - a +0 pair of gloves (worn)
Wands
 c - a wand of flame (8) (quivered)
 d - a wand of charming (15)
 e - a wand of iceblast (5)
Scrolls
 f - 2 scrolls of identify {unknown}
 h - a scroll of fear {unknown}


   Skills:
 + Level 2.5 Fighting
 + Level 0.5 Short Blades
 + Level 0.5 Long Blades
 + Level 0.5 Axes
 + Level 0.5 Maces & Flails
 + Level 0.5 Polearms
 + Level 0.5 Staves
 + Level 0.5 Ranged Weapons
 + Level 0.5 Throwing
 + Level 4.5 Armour
 + Level 2.5 Dodging
 + Level 2.3 Stealth
 + Level 0.5 Shields
 + Level 0.5 Unarmed Combat
 + Level 0.5 Spellcasting
 + Level 0.4 Conjurations
 + Level 0.4 Hexes
 + Level 0.4 Summonings
 + Level 0.4 Necromancy
 + Level 0.4 Translocations
 + Level 0.4 Transmutations
 + Level 0.4 Fire Magic
 + Level 0.4 Ice Magic
 + Level 0.4 Air Magic
 + Level 0.4 Earth Magic
 + Level 0.4 Poison Magic
 + Level 0.7 Invocations
 + Level 6.5 Evocations
 + Level 0.4 Shapeshifting


You had 2 spell levels left.
You didn't know any spells.
Your spell library was empty.

Dungeon Overview and Level Annotations

Branches:
Dungeon (2/15)

Altars:


Innate Abilities, Weirdness & Mutations

You have very sharp teeth.
Your uncanny sense of smell can sniff out nearby items.
Your experience applies equally to all skills.
Your system is resistant to poisons. (rPois)
You are occasionally teleported next to monsters.


Message History

You are too injured to fight recklessly!
You are too injured to fight recklessly!
You are too injured to fight recklessly!
You are too injured to fight recklessly!
You are too injured to fight recklessly!
You are too injured to fight recklessly!
Unknown command.
You don't know any spells.
Sorry, you're not good enough to have a special ability.
Aiming: Throw Flame
Press: ? - help, Shift-Dir - straight line, f - adder
Aim: an adder (57% to hit)
The puff of flame hits the adder!
The adder is severely wounded.
You feel sick. The adder bites you.
You are lethally poisoned!
The adder poisons you! The adder bites you but does no damage.
Aiming: Throw Flame
Press: ? - help, Shift-Dir - straight line, f/p - adder
Aim: an adder (severely wounded, 57% to hit)
The puff of flame hits the adder!
You kill the adder!
* * * LOW HITPOINT WARNING * * *
You feel sick.
It was a potion of mutation.
You feel extremely strange.
You feel weirdly uncertain.
You feel resistant to poisons.
* * * LOW HITPOINT WARNING * * *
You feel sick.
Unknown command.
* * * LOW HITPOINT WARNING * * *
You feel sick.
* * * LOW HITPOINT WARNING * * *
You feel sick.
* * * LOW HITPOINT WARNING * * *
You feel sick.
Welcome back, cforsyth the Gnoll Artificer.
Press ? for a list of commands and other information.
* * * LOW HITPOINT WARNING * * *
You feel sick.
You die...

.. .. #. .
#..#. #....###
#......# #.
∆#.#
####.##.####
.......#...#
####.##.##@# #
#.##.# #.##.#
#.##.# #.##.#
#.##.#
#######.##.####
..............#
∆ ..#
#############.#
## #.##


There were no monsters in sight!

Vanquished Creatures
  An adder (D:2)
  A goblin (D:1)
  2 hobgoblins
  2 kobolds (D:1)
  A quokka (D:2)
  2 ball pythons (D:1)
  A bat (D:1)
  A frilled lizard (D:1)
  3 rats (D:1)
14 creatures vanquished.

Notes
Turn   | Place    | Note
-------+----------+-------------------------------------------
     0 | D:1      | cforsyth the Gnoll Artificer began the quest for the Orb.
     0 | D:1      | Reached XP level 1. HP: 17/17 MP: 1/1
   243 | D:1      | Reached XP level 2. HP: 23/23 MP: 2/2
   668 | D:2      | Gained mutation: You are occasionally teleported next to
                  | monsters. [potion of mutation]
   668 | D:2      | Gained mutation: Your system is resistant to poisons.
                  | (rPois) [potion of mutation]
   671 | D:2      | HP: 1/23 [poisoned by an adder]
   673 | D:2      | Succumbed to an adder's poison

Illustrated notes

Levels and vault maps discovered:
D:1:      kennysheep_arrival_seaside, layout_basic
D:2:      layout_loops_ring, serial_shops, nicolae_shop_gibbet_a_chance,
          minmay_heptomino_h4, uniq_natasha, uniq_terence, uniq_jessica

Action                     || total
---------------------------++-------
  Melee: Club              ||    36
         Bite              ||     1
  Evoke: Wand              ||     7
    Use: Potion            ||     1
   Stab: Sleeping          ||     2
 Armour: Leather armour    ||    11
  Dodge: Dodged            ||    32

Table legend: (Time is in decaauts)
 A = Elapsed time spent in this place.
 B = Non-inter-level travel time spent in this place.
 C = Inter-level travel time spent in this place.
 D = Time resting spent in this place.
 E = Time spent auto-exploring this place.
 F = Levels seen in this place.
 G = Mean time per level.
                   A        B        C        D        E       F      G
               +--------+--------+--------+--------+--------+-----+--------+
         Total |    684 |    659 |     25 |      0 |    549 |   2 |  342.0 |
       Dungeon |    684 |    659 |     25 |      0 |    549 |   2 |  342.0 |
               +--------+--------+--------+--------+--------+-----+--------+

Top non-repeatable levels by time:
     D:1: 595 daAuts
     D:2: 89 daAuts
